 Dungeon Crawl Stone Soup version 0.24.1-4-ge52af88ad5 (webtiles) character file.

Game seed: 7652140907399937329, levelgen mode: deterministic

31061 Vazz the Fighter (level 13, -2/106 HPs)
             Began as a Gnoll Wanderer on Apr 12, 2020.
             Was the Champion of Okawaru.
             Slain by a very large slime creature (8 damage)
             ... on level 13 of the Dungeon on Apr 13, 2020.
             The game lasted 02:07:20 (18232 turns).

Vazz the Fighter (Gnoll Wanderer)                  Turns: 18232, Time: 02:07:20

Health: -2/106     AC: 28    Str: 13    XL:     13   Next: 55%
Magic:  25/25      EV: 18    Int: 14    God:    Okawaru [******]
Gold:   984        SH:  0    Dex: 24    Spells: 27/28 levels left

rFire    . . .     SeeInvis +   G - +8 glaive of the Guard {elec, +Rage AC+5 SInv}
rCold    + + .     Gourm    .   (shield currently unavailable)
rNeg     + + +     Faith    .   Q - +6 ring mail "Rett" {rC++ rN+ MR- Stlth+}
rPois    +         Spirit   .   u - +2 helmet
rElec    .         Reflect  .   V - +2 ratskin cloak {+Rats rPois rN+ Str-1 Int-1 Dex+1}
rCorr    +         Harm     .   w - +2 pair of gloves {Dex+3}
MR       .....                  (no boots)
Stlth    +++++.....             N - amulet of regeneration
HPRegen  0.67/turn              y - ring of positive energy
MPRegen  0.19/turn              K - ring of resist corrosion

@: about to teleport
A: distributed training, fangs 1, strong nose
a: Heroism, Finesse, Renounce Religion, Evoke Ratskin, Evoke Berserk Rage


You were on level 13 of the Dungeon.
You worshipped Okawaru.
Okawaru was exalted by your worship.
You were hungry.

You visited 2 branches of the dungeon, and saw 14 of its levels.

You collected 984 gold pieces.

Inventory:

Hand Weapons
 l - a +1 war axe of chopping
 G - the +8 glaive of the Guard (weapon) {elec, +Rage AC+5 SInv}
   (You took it off an orc on level 9 of the Dungeon)

   Occasionally, upon striking a foe, it will discharge some electrical energy
   and cause terrible harm.
   It affects your AC (+5).
   It lets you see invisible.
   It lets you go berserk.
 M - the +4 lajatang of Bohilan {slice, Int+5 Stlth+}
   (You took it off a centaur warrior on level 11 of the Dungeon)

   It inflicts extra damage upon your enemies.
   It affects your intelligence (+5).
   It makes you more stealthy.
Missiles
 a - 40 poisoned darts (quivered)
 d - 8 silver javelins
Armour
 j - the +2 chain mail of Juuc {+Fly rC+}
   (You found it on level 10 of the Dungeon)

   It protects you from cold.
   It lets you fly.
 s - a +2 leather armour of magic resistance
 u - a +2 helmet (worn)
 w - a +2 pair of gloves of dexterity (worn)
 Q - the +6 ring mail "Rett" (worn) {rC++ rN+ MR- Stlth+}
   (You found it on level 11 of the Dungeon)

   It greatly protects you from cold.
   It protects you from negative energy.
   It affects your resistance to hostile enchantments.
   It makes you more stealthy.
 T - the +3 chain mail of the King of the Hill {*Corrode rPois Stlth+}
   (You took it off an orc knight on level 11 of the Dungeon)

   It protects you from poison.
   It may corrode you when you take damage.
   It makes you more stealthy.
 U - a +0 helmet of intelligence
 V - the +2 ratskin cloak (worn) {+Rats rPois rN+ Str-1 Int-1 Dex+1}
   (You found it on level 11 of the Dungeon)

   It affects your strength (-1).
   It affects your intelligence (-1).
   It affects your dexterity (+1).
   It protects you from poison.
   It protects you from negative energy.
Magical Staves
 W - an uncursed staff of poison
Jewellery
 o - an uncursed ring of fire
 t - an uncursed ring of ice
 y - a ring of positive energy (left hand)
 B - an uncursed ring of wizardry
 H - an uncursed ring of magical power {unknown}
 K - a ring of resist corrosion (right hand)
 N - an amulet of regeneration (around neck)
 O - an uncursed ring of stealth
Wands
 D - a wand of scattershot (8)
 E - a wand of iceblast (3)
 F - a wand of flame (7)
 I - a wand of paralysis (7)
 R - a wand of disintegration (10)
Scrolls
 c - 4 scrolls of teleportation
 e - 3 scrolls of identify
 f - 3 scrolls of fear
 h - 4 scrolls of remove curse
 n - 4 scrolls of immolation
 p - 3 scrolls of fog
 q - 4 scrolls of magic mapping
 r - a scroll of blinking {unknown}
 v - a scroll of enchant armour {unknown}
 J - 2 scrolls of enchant weapon
Potions
 b - a potion of haste
 i - a potion of ambrosia
 m - 4 potions of resistance
 x - 2 potions of cancellation
 z - a potion of agility {unknown}
 A - 2 potions of flight {unknown}
 C - 2 potions of mutation {unknown}
Comestibles
 g - 22 rations


   Skills:
 + Level 11.6 Fighting
 + Level 8.2 Short Blades
 + Level 8.2 Long Blades
 + Level 8.2 Axes
 + Level 8.2 Maces & Flails
 + Level 8.2 Polearms
 + Level 8.2 Staves
 + Level 8.2 Slings
 + Level 8.2 Bows
 + Level 8.2 Crossbows
 + Level 8.7 Throwing
 + Level 9.5 Armour
 + Level 8.7 Dodging
 + Level 8.2 Stealth
 + Level 8.7 Shields
 + Level 8.7 Unarmed Combat
 + Level 8.2 Spellcasting
 + Level 6.9 Conjurations
 + Level 6.9 Hexes
 + Level 6.9 Charms
 + Level 6.9 Summonings
 + Level 6.9 Necromancy
 + Level 6.9 Translocations
 + Level 6.9 Transmutations
 + Level 6.9 Fire Magic
 + Level 6.9 Ice Magic
 + Level 6.9 Air Magic
 + Level 6.9 Earth Magic
 + Level 6.9 Poison Magic
 + Level 9.0 Invocations
 + Level 8.2 Evocations


You had 27 spell levels left.
You knew the following spells:

 Your Spells              Type           Power        Failure   Level  Hunger
a - Animate Skeleton      Necr           N/A          1%          1    None

Your spell library contained the following spells:

 Spells                   Type           Power        Failure   Level  Hunger
 Beastly Appendage        Tmut           ####..       1%          1    None
 Magic Dart               Conj           ####         1%          1    None
 Pain                     Necr           ####         1%          1    None
 Blink                    Tloc           N/A          1%          2    None
 Call Imp                 Summ           ####....     1%          2    None
 Poisonous Vapours        Pois/Air       ####..       1%          2    None
 Slow                     Hex            ####....     1%          2    None
 Sticks to Snakes         Tmut           ####....     1%          2    None
 Conjure Flame            Conj/Fire      ####....     4%          3    ##.....
 Mephitic Cloud           Conj/Pois/Air  ####....     4%          3    ##.....
 Regeneration             Chrm/Necr      ####......   4%          3    ##.....
 Spider Form              Tmut/Pois      ####......   4%          3    ##.....
 Vampiric Draining        Necr           ####......   4%          3    ##.....
 Animate Dead             Necr           N/A          14%         4    ####...
 Ice Form                 Ice/Tmut       ####....     14%         4    ####...
 Blade Hands              Tmut           ####......   36%         5    #####..
 Bolt of Cold             Conj/Ice       ####......   91%         6    #######


Dungeon Overview and Level Annotations

Branches:
Dungeon (13/15)            Temple (1/1) D:4            Lair (0/6) D:10
    Orc (0/2) D:12         Vaults (0/5) D:13

Altars:
Ashenzari
Cheibriados
Dithmenos
Elyvilon
Fedhas
Gozag
Hepliaklqana
Kikubaaqudgha
Makhleb
Nemelex Xobeh
Okawaru
Qazlal
Ru
Sif Muna
Trog
Uskayaw
Vehumet
Wu Jian
Xom
Yredelemnul
Zin
The Shining One

Shops:
D:6 %


Innate Abilities, Weirdness & Mutations

Your experience applies equally to all skills.
You have very sharp teeth.
Your uncanny sense of smell can sniff out nearby items.


Message History

The slime creature misses you.
The slime creature hits you but does no damage.
The very large slime creature hits you.
You slash the slime creature!
Lightning courses through the slime creature!
You kill the slime creature!
Okawaru accepts your kill. The slime creature misses you.
The very large slime creature closely misses you.
The slime creature barely misses you.
The slime creature completely misses you.
You slice the slime creature!!
Lightning courses through the slime creature!!
You kill the slime creature!
Okawaru accepts your kill.
The very large slime creature hits you!!
* * * LOW HITPOINT WARNING * * *
As you read the scroll of teleportation, it crumbles to dust.
You feel strangely unstable. The very large slime creature hits you!
You die...

###########
......... ....... ∆
..... ∆.cc #'## #JH#
#+ ##@#### #. #....#
#. ####.# #.
######.## #.
#.......###########.
#.................#.
#.......##########<.
#......####.#.'..##.
#......#.#.#..#..##.


You could see a very large slime creature, a hippogriff and a centaur.

Vanquished Creatures
  A vault guard (D:13)
  3 hydras
  2 centaur warriors (D:11)
  5 two-headed ogres
  A death yak (D:10)
  3 unseen horrors
  2 wizards (D:13)
  An orc knight (D:11)
  2 necromancers (D:13)
  A cyclops (D:11)
  3 ugly things
  A manticore (D:7)
  Maurice (D:8)
  A kobold demonologist (D:11)
  A troll (D:11)
  A harpy zombie (D:12)
  2 hornets
  2 slime creatures (D:13)
  3 hippogriffs
  3 wyverns
  16 yaks
  A basilisk (D:10)
  19 humans (D:13)
  A hungry ghost (D:9)
  A soldier ant (D:11)
  An eye of draining (D:12)
  5 phantoms
  2 ice beasts
  8 orc warriors
  3 sky beasts
  A swamp drake (D:12)
  2 necrophages
  2 black bears
  7 ogres
  5 centaurs
  A crocodile (D:10)
  5 big kobolds
  9 bullfrogs
  A water moccasin skeleton (D:11)
  25 killer bees
  A troll skeleton (D:13)
  6 wights
  2 spriggan skeletons (D:13)
  3 howler monkeys (D:11)
  2 vampire bats (D:12)
  5 crimson imps
  2 centaur zombies
  A quasit (D:5)
  3 jellies
  7 hounds
  13 orc wizards
  2 iguanas
  6 orc priests
  5 bullfrog skeletons
  8 centaur skeletons
  Jessica (D:3)
  Terence (D:3)
  9 worker ants
  A bullfrog simulacrum (D:12)
  A hound zombie (D:9)
  2 hound skeletons
  2 howler monkey zombies (D:7)
  Robin (D:3)
  A worker ant zombie (D:11)
  14 adders
  2 howler monkey skeletons
  3 shadow imps
  3 oozes
  6 worms
  4 dart slugs
  8 leopard geckos
  52 orcs
  5 giant cockroaches
  13 goblins
  13 hobgoblins
  6 jackals (D:1)
  4 quokkas
  12 bats
  11 frilled lizards
  26 kobolds
  A quokka zombie (D:6)
  10 rats
  3 bushes (D:4)
  3 fungi
  8 plants
446 creatures vanquished.

Vanquished Creatures (collateral kills)
  A hydra (D:10)
  A sky beast (D:11)
  An orc warrior (D:11)
  An eye of draining (D:11)
  An orc wizard (D:12)
  3 orcs (D:12)
8 creatures vanquished.

Vanquished Creatures (others)
  An orc wizard (D:11)
  4 fungi
  3 plants (D:9)
8 creatures vanquished.

Grand Total: 462 creatures vanquished

Notes
Turn   | Place    | Note
-------+----------+-------------------------------------------
     0 | D:1      | Vazz the Gnoll Wanderer began the quest for the Orb.
     0 | D:1      | Vazz set off with the following items: a +0 dagger, a
                  | potion of haste, a scroll of teleportation, a potion of
                  | lignification, a +0 robe, a scroll of fear, a ration
     0 | D:1      | Reached XP level 1. HP: 26/26 MP: 1/1
   384 | D:1      | Reached XP level 2. HP: 31/33 MP: 2/2
   654 | D:1      | Reached XP level 3. HP: 32/38 MP: 3/3
  1003 | D:2      | Found a white marble altar of Elyvilon.
  1004 | D:2      | Found a bloodstained altar of Trog.
  1087 | D:2      | Reached skill level 1 in Invocations
  1263 | D:2      | Found a shimmering blue altar of Sif Muna.
  1285 | D:2      | Reached skill level 1 in Short Blades
  1285 | D:2      | Reached skill level 1 in Long Blades
  1285 | D:2      | Reached skill level 1 in Axes
  1285 | D:2      | Reached skill level 1 in Maces & Flails
  1285 | D:2      | Reached skill level 1 in Polearms
  1285 | D:2      | Reached skill level 1 in Staves
  1285 | D:2      | Reached skill level 1 in Slings
  1285 | D:2      | Reached skill level 1 in Bows
  1285 | D:2      | Reached skill level 1 in Crossbows
  1285 | D:2      | Reached skill level 1 in Stealth
  1285 | D:2      | Reached skill level 1 in Spellcasting
  1285 | D:2      | Reached skill level 1 in Evocations
  1285 | D:2      | Reached XP level 4. HP: 42/45 MP: 5/5
  1733 | D:2      | Reached skill level 1 in Conjurations
  1733 | D:2      | Reached skill level 1 in Hexes
  1733 | D:2      | Reached skill level 1 in Charms
  1733 | D:2      | Reached skill level 1 in Summonings
  1733 | D:2      | Reached skill level 1 in Necromancy
  1733 | D:2      | Reached skill level 1 in Translocations
  1733 | D:2      | Reached skill level 1 in Transmutations
  1733 | D:2      | Reached skill level 1 in Fire Magic
  1733 | D:2      | Reached skill level 1 in Ice Magic
  1733 | D:2      | Reached skill level 1 in Air Magic
  1733 | D:2      | Reached skill level 1 in Earth Magic
  1733 | D:2      | Reached skill level 1 in Poison Magic
  2091 | D:3      | Noticed Terence
  2106 | D:3      | Killed Terence
  2106 | D:3      | Reached XP level 5. HP: 49/51 MP: 5/7
  2396 | D:3      | Noticed Jessica
  2401 | D:3      | Killed Jessica
  2428 | D:3      | Reached XP level 6. HP: 52/57 MP: 8/8
  2459 | D:3      | Noticed Robin
  2468 | D:3      | Killed Robin
  3027 | D:4      | Reached skill level 5 in Armour
  3425 | D:4      | Noticed a phantom
  3475 | D:4      | Killed a phantom
  3604 | D:4      | Found a radiant altar of Vehumet.
  3679 | D:4      | Found a staircase to the Ecumenical Temple.
  3880 | Temple   | Entered the Ecumenical Temple
  4114 | Temple   | Became a worshipper of Warmaster Okawaru
  4385 | D:5      | Entered Level 5 of the Dungeon
  4419 | D:5      | Reached XP level 7. HP: 60/63 MP: 10/10
  4779 | D:5      | Reached * piety under Okawaru
  4779 | D:5      | Reached skill level 9 in Fighting
  5108 | D:5      | Found a hazy altar of Hepliaklqana.
  5115 | D:5      | Reached XP level 8. HP: 68/71 MP: 12/12
  5327 | D:5      | Found a sacrificial altar of Ru.
  6199 | D:6      | Found an ancient bone altar of Kikubaaqudgha.
  6264 | D:6      | Identified Uxivui's Tome of Frigorific Poisoning
  6329 | D:6      | Reached ** piety under Okawaru
  6754 | D:6      | Found Raybooff's Food Boutique.
  7488 | D:7      | Noticed a manticore
  7494 | D:7      | Reached XP level 9. HP: 64/76 MP: 14/14
  7498 | D:7      | Killed a manticore
  7998 | D:7      | Reached skill level 5 in Throwing
  7998 | D:7      | Reached skill level 5 in Dodging
  7998 | D:7      | Reached skill level 5 in Shields
  7998 | D:7      | Reached skill level 5 in Unarmed Combat
  8199 | D:7      | Reached *** piety under Okawaru
  8764 | D:7      | Reached skill level 5 in Invocations
  9141 | D:7      | Reached XP level 10. HP: 76/85 MP: 15/17
  9315 | D:7      | Received a gift from Okawaru
  9347 | D:7      | Noticed a two-headed ogre
  9392 | D:7      | Killed a two-headed ogre
  9392 | D:7      | Reached skill level 5 in Short Blades
  9392 | D:7      | Reached skill level 5 in Long Blades
  9392 | D:7      | Reached skill level 5 in Axes
  9392 | D:7      | Reached skill level 5 in Maces & Flails
  9392 | D:7      | Reached skill level 5 in Polearms
  9392 | D:7      | Reached skill level 5 in Staves
  9392 | D:7      | Reached skill level 5 in Slings
  9392 | D:7      | Reached skill level 5 in Bows
  9392 | D:7      | Reached skill level 5 in Crossbows
  9392 | D:7      | Reached skill level 5 in Stealth
  9392 | D:7      | Reached skill level 5 in Spellcasting
  9392 | D:7      | Reached skill level 5 in Evocations
 10249 | D:7      | Reached skill level 10 in Fighting
 10394 | D:8      | Reached **** piety under Okawaru
 10586 | D:8      | Noticed Maurice
 10635 | D:8      | Killed Maurice
 11401 | D:9      | Found a sparkling altar of Nemelex Xobeh.
 11453 | D:9      | Noticed a two-headed ogre
 11472 | D:9      | Killed a two-headed ogre
 11719 | D:9      | Reached XP level 11. HP: 40/90 MP: 19/19
 12452 | D:9      | Found a sacrificial altar of Ru.
 12686 | D:10     | Entered Level 10 of the Dungeon
 12739 | D:10     | Noticed a two-headed ogre
 12751 | D:10     | Killed a two-headed ogre
 12765 | D:10     | Noticed a two-headed ogre
 12789 | D:10     | Killed a two-headed ogre
 12789 | D:10     | Reached skill level 5 in Conjurations
 12789 | D:10     | Reached skill level 5 in Hexes
 12789 | D:10     | Reached skill level 5 in Charms
 12789 | D:10     | Reached skill level 5 in Summonings
 12789 | D:10     | Reached skill level 5 in Necromancy
 12789 | D:10     | Reached skill level 5 in Translocations
 12789 | D:10     | Reached skill level 5 in Transmutations
 12789 | D:10     | Reached skill level 5 in Fire Magic
 12789 | D:10     | Reached skill level 5 in Ice Magic
 12789 | D:10     | Reached skill level 5 in Air Magic
 12789 | D:10     | Reached skill level 5 in Earth Magic
 12789 | D:10     | Reached skill level 5 in Poison Magic
 12857 | D:10     | Reached ***** piety under Okawaru
 12973 | D:10     | Noticed a five-headed hydra
 12985 | D:10     | Killed a ten-headed hydra
 13184 | D:10     | Got a pitted chain mail
 13195 | D:10     | Identified the +2 chain mail of Juuc {+Fly rC+} (You found
                  | it on level 10 of the Dungeon)
 13229 | D:10     | Found a staircase to the Lair.
 13229 | D:10     | Noticed a death yak
 13259 | D:10     | Killed a death yak
 13647 | D:11     | Got a transparent ring mail
 13658 | D:11     | Noticed a purple ugly thing
 13676 | D:11     | Killed a purple ugly thing
 13689 | D:11     | Found an ornate altar of the Wu Jian Council.
 13760 | D:11     | Identified the +6 ring mail "Rett" {rC++ rN+ MR- Stlth+}
                  | (You found it on level 11 of the Dungeon)
 13944 | D:11     | Noticed a six-headed hydra
 13952 | D:11     | Noticed an unseen horror
 13971 | D:11     | Killed an unseen horror
 13996 | D:11     | Identified the cursed +1 long sword "Goes" {venom, Int+4}
 14054 | D:11     | Noticed a seven-headed hydra
 14061 | D:11     | Noticed a brown ugly thing
 14064 | D:11     | Noticed a two-headed ogre
 14073 | D:11     | Killed a brown ugly thing
 14073 | D:11     | Reached XP level 12. HP: 77/98 MP: 22/22
 14103 | D:11     | Identified the +4 lajatang of Bohilan {slice, Int+5 Stlth+}
 14103 | D:11     | Noticed a centaur warrior
 14119 | D:11     | Killed a centaur warrior
 14132 | D:10     | Killed a two-headed ogre
 14361 | D:10     | HP: 3/147 [ten-headed hydra (14)]
 14362 | D:10     | Killed an 11-headed hydra
 14605 | D:10     | Learned a level 1 spell: Animate Skeleton
 14625 | D:11     | Noticed a five-headed hydra
 14660 | D:10     | Killed a five-headed hydra
 14723 | D:11     | Reached skill level 11 in Fighting
 14944 | D:11     | Identified the +3 chain mail of the King of the Hill
                  | {*Corrode rPois Stlth+}
 14950 | D:11     | Noticed a centaur warrior
 14973 | D:11     | Received a gift from Okawaru
 14982 | D:11     | Killed a centaur warrior
 15244 | D:11     | Killed a ten-headed hydra
 15244 | D:11     | Received a gift from Okawaru
 15615 | D:11     | Found the +2 ratskin cloak {+Rats rPois rN+ Str-1 Int-1
                  | Dex+1}
 16368 | D:12     | Reached XP level 13. HP: 92/106 MP: 24/24
 16402 | D:12     | Found a staircase to the Orcish Mines.
 16417 | D:12     | Reached ****** piety under Okawaru
 16619 | D:12     | Found a blossoming altar of Fedhas.
 17835 | D:13     | Paralysed by a wizard for 3 turns
 17839 | D:13     | Paralysed by a wizard for 2 turns
 17909 | D:13     | Noticed a vault guard
 17920 | D:13     | Killed a vault guard
 17928 | D:13     | Found a gate to the Vaults.
 18122 | D:13     | Received a gift from Okawaru
 18231 | D:13     | HP: 5/106 [very large slime creature (33)]
 18232 | D:13     | Slain by a very large slime creature

Levels and vault maps discovered:
D:1:      wheals_arrival_linesprint, layout_basic,
          hangedman_abyss_or_decor_stabs, minmay_tromino_v4_a
D:2:      layout_basic, led_sif_pool, amethyst_overflow_temple_binary,
          first_ration
D:3:      layout_basic, uniq_jessica, uniq_robin, uniq_terence
D:4:      layout_gridville, vehumet_crystals, minmay_temple_entry_overgrown,
          skrybe_limestone_x, minmay_misc_feat_x, nrook_mini_backslash
D:5:      minmay_angry_zag, layout_gridville, kennysheep_mini,
          lemuel_crystal_altar
D:6:      layout_gridville, kiku_gazebo_garden_becter, serial_shops, shop
D:7:      minmay_opposing_rooms, layout_gridville
D:8:      layout_loops_ring, blue_anna_alchemist [blue_anna_fruit_fields,
          blue_anna_fruit_fields], kennysheep_generic_room_15, uniq_maurice
D:9:      layout_basic, old_standard_altar, nicolae_ru_the_path_less_chosen
D:10:     layout_rooms, david_lair_generic
D:11:     minmay_the_grid_triangle_9x9_rhombus_thin_mashed
          [minmay_the_grid_triangle_9x9_windchime,
          minmay_the_grid_triangle_9x9_prize_insulated,
          minmay_the_grid_triangle_9x9_thin_v,
          minmay_the_grid_triangle_9x9_cache], layout_cave_pools, basic_altar
D:12:     layout_roguey, erik_orc_1, roderic_batcave, fedhas_altar_3
D:13:     layout_roguey [special_room_bee], grunt_vaults_entry_tiered,
          portal_ice_cave_entry_ice_beasts, hangedman_tell_no_tales
Temple:   eino_temple_water

Skill      XL: |  1  2  3  4  5  6  7  8  9 10 11 12 13 |
---------------+----------------------------------------+-----
Invocations    | 1 2 3 4 5 6 7 8 9 |  9.0
Short Blades   | 1 2 3 4 5 6 7 8 |  8.2
Long Blades    | 1 2 3 4 5 6 7 8 |  8.2
Axes           | 1 2 3 4 5 6 7 8 |  8.2
Maces & Flails | 1 2 3 4 5 6 7 8 |  8.2
Polearms       | 1 2 3 4 5 6 7 8 |  8.2
Staves         | 1 2 3 4 5 6 7 8 |  8.2
Slings         | 1 2 3 4 5 6 7 8 |  8.2
Bows           | 1 2 3 4 5 6 7 8 |  8.2
Crossbows      | 1 2 3 4 5 6 7 8 |  8.2
Stealth        | 1 2 3 4 5 6 7 8 |  8.2
Spellcasting   | 1 2 3 4 5 6 7 8 |  8.2
Evocations     | 1 2 3 4 5 6 7 8 |  8.2
Conjurations   | 1 2 3 4 5 6 |  6.9
Hexes          | 1 2 3 4 5 6 |  6.9
Charms         | 1 2 3 4 5 6 |  6.9
Summonings     | 1 2 3 4 5 6 |  6.9
Necromancy     | 1 2 3 4 5 6 |  6.9
Translocations | 1 2 3 4 5 6 |  6.9
Transmutations | 1 2 3 4 5 6 |  6.9
Fire Magic     | 1 2 3 4 5 6 |  6.9
Ice Magic      | 1 2 3 4 5 6 |  6.9
Air Magic      | 1 2 3 4 5 6 |  6.9
Earth Magic    | 1 2 3 4 5 6 |  6.9
Poison Magic   | 1 2 3 4 5 6 |  6.9
Throwing       | 3 4 5 6 7 8 |  8.7
Dodging        | 3 4 5 6 7 8 |  8.7
Shields        | 3 4 5 6 7 8 |  8.7
Unarmed Combat | 3 4 5 6 7 8 |  8.7
Armour         | 5 6 7 8 9 |  9.5
Fighting       | 9 10 11 | 11.6

Action                   |  1- 3 |  4- 6 |  7- 9 | 10-12 | 13-15 || total
-------------------------+-------+-------+-------+-------+-------++-------
Melee: Dagger            |   178 |       |       |       |       ||   178
       Bite              |    22 |    51 |    66 |    69 |    39 ||   247
       Punch             |     1 |     3 |     7 |     5 |       ||    16
       Hand axe          |    18 |   287 |   175 |       |       ||   480
       Great sword       |       |       |   110 |       |       ||   110
       War axe           |       |       |   114 |   136 |       ||   250
       Glaive            |       |       |       |   383 |   254 ||   637
Throw: Stone             |       |       |     1 |       |       ||     1
       Dart              |       |       |       |     3 |       ||     3
 Cast: Animate Skeleton  |       |       |       |     4 |     3 ||     7
Invok: Heroism           |       |       |     4 |    16 |     2 ||    22
 Abil: Evoke Berserk Rag |       |       |       |     3 |     1 ||     4
Evoke: Wand              |       |       |     5 |     8 |       ||    13
  Use: Scroll            |       |     2 |     4 |    15 |     1 ||    22
       Potion            |       |       |       |     2 |       ||     2
 Stab: Sleeping          |     1 |       |       |     4 |     6 ||    11
       Distracted        |       |       |       |       |     1 ||     1
  Eat: Chunk             |     2 |     4 |     2 |    10 |     4 ||    22
       Ration            |       |     2 |     4 |     5 |     1 ||    12
Armor: Chain mail        |   132 |   125 |   305 |   237 |       ||   799
       Leather armour    |     7 |       |       |       |       ||     7
       Ring mail         |       |       |       |   209 |   179 ||   388
Dodge: Dodged            |   107 |    82 |   198 |   615 |   364 ||  1366
       Rpst.: Great sword |       |       |    14 |       |       ||    14
